 Dungeon Sprint DCSS version 0.22-a0-601-gb0ed703 (webtiles) character file.

1353 emperorscorpion the Martial Artist (level 8, -9/62 HPs)
             Began as a Red Draconian Transmuter on July 6, 2018.
             Was a Priest of Sif Muna.
             Mangled by a troll (10 damage)
             ... in the Dungeon (Sprint IX: "|||||||||||||||||||||||||||||").
             The game lasted 00:01:57 (422 turns).

emperorscorpion the Martial Artist (DrTm)            Turns: 422, Time: 00:01:57

Health: -9/62      AC:  2    Str: 15    XL:     8   Next: 36%
Magic:  5/19       EV: 27    Int: 14    God:    Sif Muna [***...]
Gold:   0          SH:  0    Dex: 19    Spells: 12/22 levels left

rFire    . . .     SeeInvis .     - Unarmed
rCold    . . .     Gourm    .   (shield currently unavailable)
rNeg     . . .     Faith    .   (armour unavailable)
rPois    x         Spirit   .   (helmet currently unavailable)
rElec    .         Reflect  .   (cloak currently unavailable)
rCorr    .         Harm     .   (gloves currently unavailable)
MR       .....     NoTele   +   (boots currently unavailable)
Stlth    ++........             (no amulet)
HPRegen  0.20/turn              o - +3 ring of strength
MPRegen  0.16/turn              p - +2 ring of evasion

@: spider-form
A: tiny, (breathe fire), unfitting armour, AC +6
a: End Transformation, Divine Energy, Channel Magic, Renounce Religion


You were in the Dungeon.
You worshipped Sif Muna.
Sif Muna was most pleased with you.
You were not hungry.
You were a venomous arachnid creature.
You visited 1 branch

Inventory:

Missiles
 a - 9 arrows
Armour
 n - a +0 pair of boots (melded)
Magical Staves
 m - an uncursed staff of energy
Jewellery
 o - a +3 ring of strength (left front leg)
 p - a +2 ring of evasion (right front leg)
Wands
 l - a wand of acid (10)
Scrolls
 i - 2 scrolls of blinking
 j - 3 scrolls of remove curse
 k - 2 scrolls of amnesia
Potions
 d - 5 potions of curing
 e - 3 potions of heal wounds
 f - a potion of haste
 g - 4 potions of magic
 h - a potion of invisibility
Comestibles
 b - 3 chunks of flesh
 c - a ration


   Skills:
 + Level 2.7 Fighting
 + Level 6.2 Dodging
 + Level 13.2 Unarmed Combat
 + Level 7.8 Spellcasting
 + Level 7.5 Transmutations
 + Level 1.7 Poison Magic


You had 12 spell levels left.
You knew the following spells:

 Your Spells              Type           Power        Failure   Level  Hunger
a - Beastly Appendage     Tmut           ####..       3%          1    None
b - Sticks to Snakes      Tmut           ####....     4%          2    None
c - Spider Form           Tmut/Pois      ###.......   17%         3    ##.....
d - Ice Form              Ice/Tmut       ###.....     50%         4    ####...

Your spell library contained the following spells:

 Spells                   Type           Power        Failure   Level  Hunger
 Blade Hands              Tmut           ####......   34%         5    #####..


Dungeon Overview and Level Annotations

Branches:
Dungeon (1/1)

Altars:
Cheibriados
Dithmenos
Elyvilon
Fedhas
Gozag
Hepliaklqana
Kikubaaqudgha
Makhleb
Nemelex Xobeh
Okawaru
Qazlal
Ru
Sif Muna
Trog
Uskayaw
Vehumet
Wu Jian
Xom
Yredelemnul
Zin
The Shining One
Beogh
Jiyva
Lugonu


Innate Abilities, Weirdness & Mutations

((You can breathe blasts of fire.))
((Your fiery red scales are hard. (AC +6)))
You cannot fit into any form of body armour.
((Your flesh is heat resistant. (rF+)))
((You are cold-blooded and may be slowed by cold attacks.))


Message History

The troll claws your ball python!
Your ball python dies!
Casting: Sticks to Snakes (safe; 1% risk of failure)
Confirm with . or Enter, or press ? or * to list all spells.
You turn into a venomous arachnid creature.
Your +0 pair of boots melds into your body.
You hit the troll.
The troll is poisoned.
The troll is lightly wounded.
The troll closely misses you. The troll claws you!
* * * LOW HITPOINT WARNING * * *
The troll claws you.
* * * LOW HITPOINT WARNING * * *
Your magical contamination has completely faded away.
There is an open door here.
You maul the troll!!
The troll looks as sick as possible!
The troll is severely wounded.
The troll bites you.
* * * LOW HITPOINT WARNING * * *
The troll misses you. The troll claws you!
You die...

▓+▓
▓.▓
▓.▓
▓.▓
▓.▓
▓)▓
▓W▓
▓T▓
▓s▓
▓.▓
▓(▓
▓.▓
▓(▓
▓)▓
▓'▓
▓.▓
▓.▓


You could see a troll and a hungry ghost.

Vanquished Creatures
  A centaur warrior (D)
  A wyvern (D)
  An acid dragon (D)
  An ice beast (D)
  An ogre (D)
  A phantom (D)
  A centaur (D)
  A scorpion (D)
  A howler monkey (D)
  A worker ant (D)
  2 orcs (D)
  A bat skeleton (D)
  A giant cockroach (D)
  A goblin (D)
  A hobgoblin (D)
  A jackal (D)
  A kobold (D)
  A quokka skeleton (D)
  A rat (D)
20 creatures vanquished.

Notes
Turn   | Place    | Note
-------+----------+-------------------------------------------
     0 | D        | emperorscorpion the Draconian Transmuter began the quest for the Orb.
     0 | D        | Reached XP level 1. HP: 16/16 MP: 3/3
    15 | D        | Reached skill level 4 in Unarmed Combat
    43 | D        | Noticed a worker ant
    43 | D        | Noticed a phantom
    43 | D        | Noticed an ogre
    48 | D        | Reached XP level 2. HP: 23/23 MP: 3/5
    50 | D        | Killed an ogre
    50 | D        | Reached skill level 7 in Unarmed Combat
    50 | D        | Reached XP level 3. HP: 28/28 MP: 4/8
    50 | D        | Reached XP level 4. HP: 35/35 MP: 4/9
    75 | D        | Killed a phantom
    75 | D        | Reached skill level 8 in Unarmed Combat
    75 | D        | Reached XP level 5. HP: 5/40 MP: 8/12
    83 | D        | Found a roughly hewn altar of Beogh.
    83 | D        | Found a snail-covered altar of Cheibriados.
    83 | D        | Found a shadowy altar of Dithmenos.
    83 | D        | Found a white marble altar of Elyvilon.
    83 | D        | Found a blossoming altar of Fedhas.
    83 | D        | Found an opulent altar of Gozag.
    84 | D        | Found a hazy altar of Hepliaklqana.
    85 | D        | Found a viscous altar of Jiyva.
    86 | D        | Found an ancient bone altar of Kikubaaqudgha.
    87 | D        | Found a corrupted altar of Lugonu.
    88 | D        | Found a burning altar of Makhleb.
    89 | D        | Found a sparkling altar of Nemelex Xobeh.
    90 | D        | Found an iron altar of Okawaru.
    91 | D        | Found a stormy altar of Qazlal.
    92 | D        | Found a sacrificial altar of Ru.
    93 | D        | Found a deep blue altar of Sif Muna.
    94 | D        | Found a bloodstained altar of Trog.
    95 | D        | Found a hide-covered altar of Uskayaw.
    96 | D        | Found a radiant altar of Vehumet.
    97 | D        | Found an ornate altar of the Wu Jian Council.
    98 | D        | Found a shimmering altar of Xom.
    99 | D        | Found a basalt altar of Yredelemnul.
   100 | D        | Found a glowing silver altar of Zin.
   101 | D        | Became a worshipper of Sif Muna the Loreminder
   102 | D        | Found a glowing golden altar of the Shining One.
   138 | D        | Learned a level 2 spell: Sticks to Snakes
   142 | D        | Learned a level 3 spell: Spider Form
   147 | D        | Learned a level 4 spell: Ice Form
   342 | D        | Noticed an ice beast
   350 | D        | Reached skill level 9 in Unarmed Combat
   350 | D        | Reached skill level 5 in Spellcasting
   350 | D        | Reached skill level 5 in Transmutations
   352 | D        | Reached XP level 6. HP: 47/47 MP: 8/13
   356 | D        | Killed an ice beast
   356 | D        | Reached * piety under Sif Muna
   356 | D        | Reached skill level 5 in Dodging
   356 | D        | Reached skill level 10 in Unarmed Combat
   396 | D        | Noticed a hungry ghost
   396 | D        | Noticed a troll
   396 | D        | Noticed a wyvern
   396 | D        | Noticed an acid dragon
   396 | D        | Noticed a centaur warrior
   404 | D        | Killed a centaur warrior
   404 | D        | Reached ** piety under Sif Muna
   404 | D        | Reached skill level 12 in Unarmed Combat
   404 | D        | Reached skill level 1 in Poison Magic
   404 | D        | Your scales start taking on a fiery red colour.
   404 | D        | Reached XP level 7. HP: 23/56 MP: 8/17
   404 | D        | Gained mutation: Your flesh is heat resistant. (rF+) [Red Draconian growth]
   404 | D        | Reached XP level 8. HP: 26/62 MP: 8/19
   412 | D        | Reached skill level 13 in Unarmed Combat
   416 | D        | Reached *** piety under Sif Muna
   419 | D        | HP: 3/62 [troll (5)]
   422 | D        | HP: 1/62 [troll (3)]
   422 | D        | Mangled by a troll

Vault maps used:
D:        linesprint

Skill      XL: |  1  2  3  4  5  6  7  8 |
---------------+-------------------------+-----
Unarmed Combat | 4 7 8 9 12 13 | 13.2
Dodging        | 2 3 4 5 6 |  6.2
Spellcasting   | 3 4 5 7 |  7.8
Transmutations | 3 4 5 7 |  7.5
Fighting       | 2 |  2.7
Poison Magic   | 1 |  1.7

Action                   |  1- 3 |  4- 6 |  7- 9 || total
-------------------------+-------+-------+-------++-------
Melee: Unarmed           |    22 |    32 |    13 ||    67
       Tailslap          |     3 |     1 |       ||     4
       Kick              |     1 |       |       ||     1
       Headbutt          |     1 |       |       ||     1
 Cast: Beastly Appendage |     2 |     1 |       ||     3
       Spider Form       |       |     2 |     1 ||     3
       Sticks to Snakes  |       |     2 |     1 ||     3
  Use: Potion            |     1 |       |       ||     1
Armor: Skin              |     4 |     3 |       ||     7
Dodge: Dodged            |    10 |    18 |    10 ||    38

Table legend:
 A = Spawn XP
 B = Non-spawn XP
 C = Spawn XP percentage of total XP
 D = Spawn monster count
 E = Non-spawn monster count
 F = Spawn count percentage of total count
 G = Total turns spent on level
                    A         B        C        D         E        F      G
               +---------+---------+-------+---------+---------+-------+---------
         Total |       0 |    1933 |   0.0 |       0 |      20 |   0.0 |   422
               +---------+---------+-------+---------+---------+-------+---------
             D |       0 |    1933 |   0.0 |       0 |      20 |   0.0 |   422
               +---------+---------+-------+---------+---------+-------+---------
